[Event "67th Mexican-ch Open 2022"]
[Site "Chihuahua"]
[Date "2022.04.15"]
[Round "5.22"]
[White "Hernandez Jimenez, Alexander Andres"]
[Black "Gonzalez Cruz, Ian Josue"]
[Result "1-0"]
[ECO "C54"]
[WhiteElo "2167"]
[BlackElo "1814"]
[Annotator "TA"]
[PlyCount "97"]
[EventDate "2022.04.12"]
[EventType "swiss"]
[EventCountry "MEX"]
[SourceTitle "playchess.com"]
[Source "ChessBase"]
[SourceQuality "1"]
[TimeControl "5400+30"]

1. e4 e5 2. Nf3 Nc6 3. Bc4 Bc5 4. d3 h6 5. c3 Nf6 6. b4 Bb6 7. b5 ({Better is} 7. a4 $14 a6 8. O-O (8. a5 Ba7 $11)) 7... Na5 $1 $11 {[%emt 0:00:06] C54: Giuoco Piano: 4 c3 Nf6, main lines with 5 d4 and 5 d3.} 8. Nxe5 O-O 9. Nxf7 Rxf7 {[%emt 0:04:31] Black is slightly better.} 10. Bxf7+ Kxf7 11. O-O d6 {[%emt 0:00:51][%mdl 1024] Black has compensation.} 12. Nd2 Bg4 {[%emt 0:04:32] [#]} 13. Qe1 $146 ({Predecessor:} 13. Qc2 Qd7 14. a4 Re8 15. Nb3 Kf8 16. Nxa5 Bxa5 17. Bb2 d5 18. f3 Bh5 19. c4 dxc4 20. dxc4 {1-0 (30) Moldenhauer,L (1592)-Pikki,D (1482) Playchess.com INT 2020}) 13... Qe8 14. h3 (14. a4 $11) 14... Bh5 ({Black should try} 14... Bd7 $15) 15. Rb1 (15. a4 $11) 15... Qe6 16. Nb3 Nxb3 17. Rxb3 Re8 {[%emt 0:02:29] ...d5 is the strong threat.} 18. Be3 Kg8 (18... d5 $5 ) 19. Bxb6 axb6 20. f4 Nd7 21. Qh4 $2 (21. Ra3 $11) 21... Bf7 $2 (21... Be2 $19 22. Re1 Bxd3) 22. Ra3 d5 23. e5 Nc5 (23... Bg6 $14 24. d4 Nf8) 24. d4 $1 $16 Ne4 25. f5 $36 {[%emt 0:00:08][%mdl 2048] Inhibits Bg6. White is in control.} Qe7 26. Qxe7 Rxe7 27. Ra8+ (27. g4 $142) 27... Kh7 (27... Re8 $142 28. Ra7 Rb8) 28. Rf3 (28. Rb8 $142) 28... h5 (28... Re8 $16 29. Ra7 (29. Rxe8 Bxe8 30. a4 c6 $11) 29... Rb8) 29. g4 ({White should play} 29. Rf8 $18) 29... hxg4 (29... Re8 $1 $14 30. Rxe8 Bxe8) 30. hxg4 {[%emt 0:00:02] Threatening mate with Rh3+.} Kh6 $2 (30... Re8 $16 31. Ra7 Rb8 32. Rh3+ Kg8) 31. Kg2 $2 (31. Rh8+ $1 $18 Kg5 32. Rh7 (32. e6 Be8 $17)) 31... Kg5 $14 32. Rh8 {[%emt 0:01:54] aiming for Rh7.} Kxg4 $2 {[%emt 0:03:54][%mdl 8192] White leaves nothing to chance now.} (32... Re8 $1 $14 33. Rh7 Rg8) 33. Rh7 $18 Bg8 {[%emt 0:03:06] [#]} 34. f6 $1 Nxf6 {[%emt 0:09:18] [#]} (34... Bxh7 35. fxe7) 35. exf6 {[%emt 0:04:53][%mdl 4096] Endgame KRR-KRB} Re2+ 36. Rf2 ({Inferior is} 36. Kf1 Kxf3 37. Rxg7 {[#]} (37. Rh3+ $2 Kg4 $19) 37... Rxa2 $1 $15) 36... Rxf2+ $2 (36... Bxh7 $18 37. Rxe2 gxf6) 37. Kxf2 {[%emt 0:00:07] White mates.} Bxh7 {[%emt 0:00:05] KB-KP} 38. f7 Bd3 39. f8=Q Bxb5 40. Qxg7+ Kf5 41. Qxc7 Bc6 42. Qxb6 Ke4 43. Ke2 Kf5 44. Ke3 Kg4 45. Qd8 Kf5 46. Qe7 Kg4 47. Qg7+ Kf5 48. Qe5+ Kg6 49. Kf4 {[%emt 0:00:04] Weighted Error Value: White=0.43/Black=0.49} 1-0

[Event "67th Mexican-ch Open 2022"]
[Site "Chihuahua"]
[Date "2022.04.15"]
[Round "5.23"]
[White "Kowalski Davila, Emilio Luis"]
[Black "Avila Bautista, Roberto Al"]
[Result "0-1"]
[ECO "A73"]
[WhiteElo "1735"]
[BlackElo "2090"]
[Annotator "TA"]
[PlyCount "156"]
[EventDate "2022.04.12"]
[EventType "swiss"]
[EventCountry "MEX"]
[SourceTitle "playchess.com"]
[Source "ChessBase"]
[SourceQuality "1"]
[TimeControl "5400+30"]

1. d4 Nf6 2. c4 c5 3. d5 e6 4. Nc3 exd5 5. cxd5 d6 6. e4 g6 7. Nf3 Bg7 8. Be2 O-O 9. O-O {[%emt 0:00:11] 9.Be3 is the fancy move.} Bg4 10. Bf4 Qe7 {[%emt 0:08:05] A73: Modern Benoni: Classical: Unusual Black 9th moves.} 11. Nd2 Bxe2 12. Qxe2 ({Much weaker is} 12. Nxe2 Nxe4 13. Re1 (13. Nxe4 Qxe4 14. Re1 Qc4 $15) 13... Nxd2 $11) 12... Nh5 {[%emt 0:01:09] White is slightly better.} 13. Be3 Nd7 14. g4 Nhf6 15. Bg5 h6 16. Bh4 {[%emt 0:00:18] [#]} g5 $146 ({Predecessor:} 16... Rfe8 17. Kh1 Ne5 18. f3 a6 19. a4 Rac8 20. f4 Ned7 21. Rae1 Nb6 {1-0 (31) Ograbek,G-Wydrowski,L Poland 1991}) 17. Bg3 Ne5 18. h3 Ng6 (18... Rae8 $14) 19. Nc4 $16 Rad8 20. f3 (20. Ne3 $16) 20... Ne8 $1 $14 21. Qd2 Nc7 22. a4 a6 23. Kg2 Rfe8 (23... Be5 $142) 24. Ra2 Na8 25. Rb1 Qc7 (25... Qf6 $16 {keeps fighting.} 26. Ra3 Nh4+ 27. Bxh4 gxh4) 26. b3 Nb6 27. Ne3 $1 Nd7 28. Nf5 Nde5 29. Rc1 Qa5 30. Qc2 Bf8 31. Rca1 (31. Nd1 $142) 31... Rc8 32. Rb1 Qc7 33. Qd2 Qa5 34. Qc2 ({White should try} 34. h4 $16) 34... Rb8 (34... Qc7 $1 $11) 35. Rba1 ({Better is} 35. Ne2 $16) 35... c4 (35... Rbc8 $1 $11) 36. Ne2 $16 Rec8 37. Be1 Qb6 38. b4 Nd3 39. Qc3 Nxe1+ 40. Rxe1 Nh4+ 41. Kg3 ({White should play} 41. Kf1 $14) 41... Qd8 (41... Nxf5+ $15 42. exf5 Bg7) 42. Ned4 $11 Qf6 43. Ne2 (43. Rc2 $11 {remains equal.}) 43... Nxf5+ $17 44. gxf5 Bg7 45. Qxf6 Bxf6 46. Rc1 (46. Rb1 $142) 46... c3 47. Rac2 Rc4 48. b5 {[%emt 0:00:37] [#]} (48. Kf2 $17) 48... Rbc8 $1 $19 ({And not} 48... Rxa4 49. Nxc3 Be5+ 50. Kf2 $15) 49. Ra1 (49. bxa6 $142 bxa6 50. Kf2) 49... axb5 50. axb5 Rb4 {[%emt 0:00:09] Against Rb1} 51. Kf2 Rxb5 52. Ke3 Be5 53. Kd3 Rbc5 $2 (53... Rb2 $19 {is more deadly. Hoping for ...b5.} 54. Rg1 Kh7) 54. Rac1 (54. Ra7 $17 {was called for.}) 54... b5 55. Nxc3 (55. Rb1 {is the only way for White.}) 55... Bf4 56. Rb1 Be5 (56... b4 $17 57. Rxb4 Be5) 57. Rbc1 {[%emt 0:00:15][%cal Oc3b5] [#]} Ra8 $1 58. Ne2 $2 (58. Nb1 Ra1 59. Rh1) 58... Ra3+ 59. Kd2 Rxc2+ 60. Rxc2 (60. Kxc2 $142 Rxf3 61. Ng1) 60... Rxf3 {[%emt 0:00:13][%mdl 4096] Endgame KRB-KRN} 61. Rc8+ Kg7 62. Rb8 Rb3 63. Kc2 Rb2+ 64. Kd3 b4 {[%emt 0:00:11] Strongly threatening ...Rb3+.} 65. Ng1 Rg2 66. Nf3 Rg3 67. Ke2 Kf6 ({Weaker is} 67... Rxh3 68. Nxe5 Rh2+ 69. Ke3 dxe5 70. d6 Rh3+ 71. Ke2 Rh2+ 72. Ke3 Rh3+ 73. Ke2 Rh2+ 74. Ke3 $11) 68. Rxb4 Rxh3 69. Rb7 $2 (69. Nxe5 Kxe5 70. Rb7) 69... Bf4 70. Kf2 g4 71. Ng1 (71. Ne1 $142) 71... Ra3 {[%emt 0:01:20] And now ...Be3+ would win.} 72. Ne2 Be5 73. Nc1 h5 74. Rb3 Ra4 {[%emt 0:00:22] White must now prevent ...h4.} 75. Ke3 h4 {[%emt 0:00:44] Black mates.} 76. Ne2 h3 77. Rb8 h2 78. Rh8 Ra1 {[%emt 0:00:17] What a bad dream for White.  Weighted Error Value: White=0.36/Black=0.23 (precise)} (78... Ra3+ $142 79. Kd2 Rh3 80. Rxh3 gxh3 81. Kd3 h1=Q 82. Nd4 Qd1+ 83. Kc4 Qa4+ 84. Kc3 Qxd4+ 85. Kc2 h2 86. Kb3 h1=Q 87. Ka3 Qh3+ 88. Ka2 Qb2#) 0-1

[Event "67th Mexican-ch Open 2022"]
[Site "Chihuahua"]
[Date "2022.04.15"]
[Round "5.24"]
[White "Mejia Nunez, Haziel"]
[Black "Jorajuria Mendoza, Algol"]
[Result "0-1"]
[ECO "B33"]
[WhiteElo "1611"]
[BlackElo "2006"]
[Annotator "NA RC"]
[PlyCount "54"]
[EventDate "2022.04.12"]
[EventType "swiss"]
[EventCountry "MEX"]
[SourceTitle "playchess.com"]
[Source "ChessBase"]
[SourceQuality "1"]
[TimeControl "5400+30"]

1. e4 c5 2. Nf3 Nc6 3. d4 cxd4 4. Nxd4 Nf6 5. Nc3 e5 6. Ndb5 d6 7. Bg5 a6 8. Bxf6 gxf6 9. Na3 b5 10. Nd5 Bg7 11. Be2 f5 12. Bf3 O-O 13. O-O Nd4 14. c3 Nxf3+ 15. Qxf3 fxe4 16. Qxe4 Ra7 17. Rad1 f5 18. Qe3 Raf7 19. f4 Bb7 20. Nc2 Kh8 21. Qh3 exf4 22. Nxf4 Rf6 23. Qg3 Rh6 24. Rfe1 Rg8 25. Qf2 Be4 26. Nd4 Qh4 27. Rf1 Qxh2# 0-1

[Event "67th Mexican-ch Open 2022"]
[Site "Chihuahua"]
[Date "2022.04.15"]
[Round "5.25"]
[White "Avila Fraire, Ameyalli"]
[Black "Guerrero Rodriguez, Alejandra"]
[Result "1/2-1/2"]
[ECO "B40"]
[WhiteElo "1955"]
[BlackElo "2019"]
[Annotator "TA"]
[PlyCount "141"]
[EventDate "2022.04.12"]
[EventType "swiss"]
[EventCountry "MEX"]
[SourceTitle "playchess.com"]
[Source "ChessBase"]
[SourceQuality "1"]
[TimeControl "5400+30"]

1. e4 c5 2. Nf3 e6 3. d4 cxd4 4. Nxd4 Qb6 5. Be3 Bc5 (5... Qxb2 $11 6. Nd2 a6) 6. Na3 $14 {[%emt 0:00:23] B40: Sicilian: 2...e6, Unusual lines.} a6 (6... Qa5+ $14 7. Bd2 Qd8) 7. Nc4 $16 {[%emt 0:01:33] Active counter play!} Qc7 8. Qg4 {[%emt 0:01:20] White is better.} g6 9. Qg5 {[%emt 0:09:35] [#] Inhibits d5.} (9. e5 $16) 9... f6 $146 (9... b5 $11 {remains equal.}) ({Predecessor:} 9... b5 10. Nd2 Be7 11. Qg3 Qxg3 12. hxg3 Bb7 13. a4 b4 14. Bd3 Nc6 15. Nc4 h5 16. Nxc6 dxc6 {1-0 (23) Poghosyan,T (1860)-Peter,A (1630) Oberhof 2012}) 10. Qg3 Qxg3 11. hxg3 b5 12. Nd2 Nc6 $2 {[%emt 0:04:34] [#]} (12... d6 $16 {keeps fighting.}) 13. Nxb5 $1 $18 {[%emt 0:00:50][%mdl 512] Black must now prevent Nc7+.} Bxe3 14. Nd6+ $2 ({White has to play} 14. Nc7+ $18 Kd8 15. Nxa8) 14... Ke7 $11 {[%emt 0:00:22] Strongly threatening ...Bxd2+.} 15. Nxc8+ Rxc8 16. fxe3 Nb4 17. Bd3 ({White should try} 17. Rb1 $11) 17... Rxc2 18. Bxc2 Nxc2+ 19. Ke2 Nxa1 20. Rxa1 $15 {[%emt 0:00:04][%mdl 4096] Endgame KRN-KRN} Nh6 21. Rc1 Ng4 (21... Rb8 $5 22. b3 Ng4 $15) 22. Rc7 Rb8 23. b3 Rb6 (23... Ne5 $1 $15 24. Rc5 Nc6) 24. Nc4 $11 Rc6 25. Ra7 h5 26. a4 Ne5 27. Nxe5 fxe5 {[%emt 0:00:02] KR-KR} 28. Kd3 {[%emt 0:01:34] Inhibits Rc2.} Rd6+ 29. Kc3 Kf6 30. Ra8 Rc6+ 31. Kd3 (31. Kb4 $11) 31... d5 ({Better is} 31... Kg5 $1 $17) 32. exd5 exd5 33. Rd8 Ke6 34. Rg8 Kf5 35. Rd8 (35. Rb8 $15) 35... Rb6 $17 36. Kc3 (36. Rxd5 $17 Rxb3+ 37. Ke2) 36... Ke4 $19 37. Re8 Rc6+ (37... Kxe3 38. Rxe5+ Kf2 39. Rg5 $11) 38. Kd2 Rf6 $1 39. b4 Rf2+ 40. Kc3 Ra2 $2 (40... Re2 41. b5 Rxe3+ 42. Kb2 axb5 43. axb5 Re2+ 44. Kb3 Re1) 41. Kb3 $2 (41. a5 {is the only way for White.}) 41... Re2 $1 42. b5 axb5 43. axb5 Rxe3+ 44. Kb2 {[%emt 0:00:41] [#]} Re2+ $1 45. Kc1 Rf2 (45... Rxg2 46. b6 $11) 46. b6 Rf7 47. Kd2 Rb7 48. Re6 g5 49. Rf6 (49. Kc2 $142 d4 50. Kd2) 49... Kd4 50. Rc6 e4 51. Ke2 Ke5 {[%emt 0:00:56] And now ...Kd4 would win.} 52. Rg6 Kf5 $2 (52... Rb8 53. Ke3 d4+ 54. Ke2 Kf5) 53. Rd6 {[%emt 0:02:15] [#]} Kg4 ({Don't blunder} 53... Ke5 $2 54. Rc6 $19) (53... d4 $1 $19 {aiming for ...Kg4.} 54. Kf2 Ke5) 54. Rxd5 $2 (54. Kf2 $17) 54... Rxb6 55. Re5 Rb2+ $2 (55... Rb3 $19 {[%cal Oe4e3] Threatens to win with ...e3!} 56. Rxe4+ Kxg3) 56. Kf1 $17 Rc2 ({Not} 56... Kxg3 57. Rxg5+ Kh4 58. Rg8 $11) (56... Rb1+ $17 57. Kf2 Rb4) 57. Rxe4+ $15 Kxg3 58. Re3+ Kf4 59. Rf3+ Kg4 60. Ra3 Rc4 61. Kf2 Rf4+ 62. Kg1 h4 63. Ra8 Rc4 64. Rb8 $1 h3 65. gxh3+ Kxh3 66. Rb3+ Kh4 67. Kh2 Rc2+ 68. Kg1 g4 69. Rb1 ({White should play} 69. Ra3 $11) 69... Kh3 ({Much weaker is} 69... Rc3 70. Rb2 $11) 70. Rb3+ $1 g3 71. Rb1 {[%emt 0:00:04] Prevents Rc1+. White used his chance.  Weighted Error Value: White=0.48/Black=0.44} 1/2-1/2

[Event "67th Mexican-ch Open 2022"]
[Site "Chihuahua"]
[Date "2022.04.15"]
[Round "5.26"]
[White "Salas Estrada, Ana Valeria"]
[Black "Guillen Cristobal, Sandra N"]
[Result "0-1"]
[ECO "A05"]
[WhiteElo "1783"]
[BlackElo "1933"]
[Annotator "TA"]
[PlyCount "80"]
[EventDate "2022.04.12"]
[EventType "swiss"]
[EventCountry "MEX"]
[SourceTitle "playchess.com"]
[Source "ChessBase"]
[SourceQuality "1"]
[TimeControl "5400+30"]

1. e4 c5 2. Nf3 Nc6 3. d3 g6 4. g3 Bg7 5. Bg2 d6 6. O-O Nf6 7. Re1 {[%emt 0:02:07] is recently more successful than 7.c3.} O-O 8. Nbd2 Rb8 9. Nf1 {[%emt 0:01:17] A05: Réti Opening: 1 Nf3 Nf6.} Nd4 10. h3 b5 {[%emt 0:02:00] [#]} 11. N1h2 $146 {[%emt 0:05:17] The position is equal.} ({Predecessor:} 11. Nxd4 cxd4 12. f4 Bb7 13. g4 Qc7 14. Ng3 Rfc8 15. Re2 a5 16. Rf2 Nd7 17. g5 {1-0 (49) Heydarov,A-Asadov,E Baku 2004}) 11... Nxf3+ 12. Nxf3 Bb7 13. Bg5 h6 14. Bd2 a5 15. Nh2 Kh7 16. Ng4 Nxg4 17. hxg4 b4 18. Rb1 Qd7 19. Bh3 (19. c4 $15) 19... Qa4 $17 20. b3 Qxa2 21. Re2 a4 {[%emt 0:00:56] &Nero is more active.} 22. c3 axb3 23. Bxh6 $2 {[%emt 0:01:46] [#]} (23. Qxb3 Qxb3 24. Rxb3) 23... Qa5 $2 ({Worse is} 23... Kxh6 24. Rxa2 bxa2 25. Qd2+ Kh7 26. Qxa2 $19) (23... Bxh6 $1 $19 24. Rxa2 bxa2) 24. Bxg7 Kxg7 25. cxb4 cxb4 26. Qxb3 {[%emt 0:00:26] [#]} Bc6 (26... Bc8 $1 $17 {aiming for ...Rh8.} 27. Qb2+ e5) 27. Rc2 $15 Ba4 28. Qb2+ f6 29. Ra1 {[%emt 0:04:23][%cal Og4g5] g5! is the strong threat.} Qb5 (29... b3 $11 {and Black stays safe.} 30. Rc4 Rb4) 30. Rc7 $18 Qe8 (30... g5 31. Ra7 (31. Rxe7+ Rf7 $14) 31... b3 32. R1xa4 Qe5) 31. g5 $1 {[%emt 0:01:07] And now gxf6+ would win.} Qd8 32. gxf6+ Rxf6 {[%emt 0:00:29] [#]} 33. Ra7 (33. e5 $142 $1 dxe5 34. Qxe5) 33... Bc6 34. e5 $2 ({White should try} 34. Be6 $18) 34... dxe5 $11 35. Qxe5 Rb7 36. Rxb7 Bxb7 37. Ra7 Qb6 $40 {[%emt 0:00:19][%csl Gf6][%cal Rb6f2][%mdl 128] Black is up to no good.} 38. Qxe7+ Rf7 {[%emt 0:00:10][%csl Gf7][%cal Rb6f2] Dancing on a razor blade.} 39. Qe5+ Kh7 40. Ra1 $2 (40. Ra2 $11) 40... Qxf2# {[%emt 0:00:19] Weighted Error Value: White=0.57/Black=0.52} 0-1

[Event "67th Mexican-ch Open 2022"]
[Site "Chihuahua"]
[Date "2022.04.15"]
[Round "5.27"]
[White "Ramirez Toledo, Ayleen Maribel"]
[Black "Padilla Garcia, Cecilia Xasive"]
[Result "1-0"]
[ECO "D02"]
[WhiteElo "1810"]
[BlackElo "1834"]
[Annotator "NA RC"]
[PlyCount "95"]
[EventDate "2022.04.12"]
[EventType "swiss"]
[EventCountry "MEX"]
[SourceTitle "playchess.com"]
[Source "ChessBase"]
[SourceQuality "1"]
[TimeControl "5400+30"]

1. Nf3 c5 2. g3 Nc6 3. d4 cxd4 4. Nxd4 d5 5. Bg2 Nf6 6. O-O g6 7. c4 Nxd4 8. Qxd4 dxc4 9. Qxd8+ Kxd8 10. Na3 Nd7 11. Nxc4 Bg7 12. Bd2 Rb8 13. Rad1 Ke8 14. Bb4 Bf6 15. f4 Nb6 16. Nxb6 axb6 17. Rd2 Bd7 18. Rfd1 Bc6 19. e4 e6 20. e5 Be7 21. Bxe7 Kxe7 22. Bxc6 bxc6 23. Rd7+ Kf8 24. Rc7 Kg7 25. Rxc6 Rhc8 26. Rdd6 b5 27. Kf2 b4 28. Ke3 Rxc6 29. Rxc6 Ra8 30. Rb6 Rxa2 31. Rxb4 Ra1 32. Rc4 h6 33. Kd4 g5 34. b4 Ra2 35. b5 Rxh2 36. b6 gxf4 37. gxf4 Rb2 38. Kc5 Kg6 39. Rb4 Rc2+ 40. Kd6 Rc8 41. b7 Rd8+ 42. Kc7 Re8 43. b8=Q Rxb8 44. Kxb8 Kf5 45. Kc7 h5 46. Kd6 f6 47. exf6 Kxf6 48. Rb8 1-0

[Event "67th Mexican-ch Open 2022"]
[Site "Chihuahua"]
[Date "2022.04.16"]
[Round "6.1"]
[White "Salinas Herrera, Pablo"]
[Black "Cori, Jorge"]
[Result "1/2-1/2"]
[ECO "B13"]
[WhiteElo "2517"]
[BlackElo "2650"]
[Annotator "TA"]
[PlyCount "97"]
[EventDate "2022.04.12"]
[EventType "swiss"]
[EventCountry "MEX"]
[SourceTitle "playchess.com"]
[Source "ChessBase"]
[SourceQuality "1"]
[TimeControl "5400+30"]

1. d4 Nf6 2. Nf3 d5 3. Bf4 c5 4. e3 Nc6 5. Nbd2 cxd4 6. exd4 g6 7. c3 Bg7 8. Bd3 Nh5 9. Be3 O-O 10. O-O Qd6 11. Re1 {[%emt 0:01:57] B13: Caro-Kann: Exchange Variation and Panov-Botvinnik Attack.} Bd7 {[%emt 0:02:05] [#]} 12. a4 $146 ({Predecessor:} 12. Bf1 Rae8 13. a3 f5 14. Nb3 f4 15. Bd2 Bg4 16. Be2 Nf6 17. h3 Bc8 18. c4 e6 {½-½ (59) Efanov,N (2411)-Potapov,A (2316) Kharkov 2009}) 12... Rfe8 13. Bf1 {[%emt 0:09:27] White is slightly better.} Rad8 14. a5 Qc7 15. Qb3 e6 16. Qa2 a6 17. Nb3 Na7 18. g3 Bb5 19. Bg2 Bf8 20. Nc5 Nc6 21. b4 f6 22. Bh3 Qf7 23. Qd2 Ng7 24. Bh6 Bxc5 25. bxc5 Nf5 26. Be3 g5 27. Qc2 Qg6 {[%emt 0:03:10] aiming for ...g4.} 28. Nd2 Kf7 29. Qb3 Re7 (29... Nxe3 30. fxe3 Na7 31. Bg2 $14) 30. Bg2 h5 (30... Nxe3 31. fxe3 Qd3 32. Qb2 $14) 31. Qa2 Kg7 (31... Nxe3 32. fxe3 h4 33. e4 $11) 32. Rad1 g4 33. c4 dxc4 34. Nxc4 Nfxd4 ({Resist} 34... Ncxd4 35. Bxd4 Rxd4 36. Nd6 Rxd1 37. Rxd1 $14) 35. Bxd4 Rxd4 36. Nd6 Rxd1 37. Rxd1 Ne5 38. Nxb5 ({Not} 38. Bxb7 $2 Rxb7 $1 39. Nxb7 Qe4 $19) 38... axb5 39. Qb3 h4 40. Qxb5 Qc2 41. Rf1 {[%emt 0:02:06] [#]} (41. Re1 $1 $11 {remains equal.} Nd3 42. Rf1 hxg3 43. hxg3 Nxc5 44. Qb4) 41... h3 $1 $17 42. Bxb7 {[%emt 0:00:07] [#] Threatens to win with a6.} Rxb7 $1 43. Qxb7+ {[%emt 0:00:05][%mdl 4096] Endgame KQR-KQN. The position is equal.} Kh6 {[%emt 0:00:04] ( -> ...Qe2)} 44. Qe7 Qe4 45. Qxf6+ Ng6 46. f3 Qe2 47. Rf2 {[%emt 0:00:06] Against Qg2+} Qe1+ 48. Rf1 Qe2 49. Rf2 {[%emt 0:00:05] Inhibits Qg2+.  Weighted Error Value: White=0.07 (flawless) /Black=0.06 (flawless)} 1/2-1/2

[Event "67th Mexican-ch Open 2022"]
[Site "Chihuahua"]
[Date "2022.04.16"]
[Round "6.2"]
[White "Gonzalez Zamora, Juan Carlos"]
[Black "Mareco, Sandro"]
[Result "0-1"]
[ECO "D30"]
[WhiteElo "2544"]
[BlackElo "2643"]
[Annotator "TA"]
[PlyCount "136"]
[EventDate "2022.04.12"]
[EventType "swiss"]
[EventCountry "MEX"]
[SourceTitle "playchess.com"]
[Source "ChessBase"]
[SourceQuality "1"]
[TimeControl "5400+30"]

1. Nf3 d5 2. d4 Nf6 3. c4 e6 4. e3 a6 5. Nbd2 b6 6. b3 {[%emt 0:00:48] D30: Queen's Gambit Declined: Systems without Nc3.} Bb7 7. Bb2 Bd6 8. Bd3 {[%emt 0:00:24] White has an edge.} Nbd7 9. O-O c5 $5 {[%emt 0:00:51][%mdl 4] Exploring less charted territory.} 10. cxd5 exd5 11. Re1 O-O {[%emt 0:31:07] [#]} 12. e4 $146 (12. Ne5 {seems wilder.} b5 13. Nxd7 Nxd7 14. dxc5 Nxc5 15. Nf3) ({Predecessor:} 12. dxc5 Nxc5 13. Bf1 Re8 14. Rc1 Rc8 15. Nd4 Qd7 16. Rc2 Ng4 17. g3 Ne5 18. N2f3 f6 19. Be2 Ne4 20. Rxc8 Bxc8 21. Nc2 {½-½ (21) Gustafsson,J (2615)-Horvath,C (2563) Austria 2006}) 12... dxe4 (12... Nxe4 {with more complications.} 13. Nxe4 dxe4 14. Bxe4 Bxe4 15. Rxe4 Nf6) 13. Nxe4 Nxe4 14. Bxe4 Bxe4 15. Rxe4 Nf6 16. Re2 Rc8 17. dxc5 Bxc5 18. Qf1 b5 19. Rd1 Qb6 20. a3 Rfd8 21. b4 Bf8 22. Rxd8 Rxd8 23. Rd2 Ne4 24. Rxd8 Qxd8 25. Qe2 Qd5 26. g3 h6 27. Bd4 $2 {[%emt 1:22:40] [#] Black converts the advantage convincingly.} (27. Qe3 $11) 27... Ng5 $1 $19 28. Nxg5 {[%emt 0:00:00] aiming for Nf3.} Qxd4 29. Ne6 fxe6 30. Qxe6+ Kh8 {[%emt 0:00:05] Strongly threatening ...Qa1+.} 31. Qxa6 Qd1+ 32. Kg2 Qd5+ 33. Kg1 Be7 34. Qc8+ Bd8 35. h4 Kg8 36. h5 (36. Qc2 {is a better defense.}) 36... Kf7 37. Qg4 Bf6 38. Qe2 Kf8 39. Kh2 Bd4 40. Qg4 (40. Kg1 $142) 40... Ke7 ({And not} 40... Bxf2 41. Qf4+ Qf7 42. Qb8+ Ke7 43. Qb7+ Ke6 44. Qxb5 $19) 41. Qe2+ Qe5 42. Qf3 Kd6 43. Kh3 $2 (43. Kg1) 43... Qd5 {[%emt 0:06:59] Black is clearly winning.} 44. Qf4+ Kd7 45. Qd2 Qxh5+ 46. Kg2 Qd5+ 47. f3 Ke6 (47... g5 $142 48. g4 Qc4) 48. Qc2 Qc4 49. Qe4+ Be5 {[%emt 0:01:26] [#] Hoping for ...Qxe4.} 50. Qg6+ Ke7 {[%emt 0:00:10] White must now prevent ...Qe2+.} 51. f4 Qe2+ 52. Kh3 Bf6 53. Qb1 Bd4 54. Qc1 Kf6 55. Qb1 h5 56. Qh1 Bf2 57. Qa1+ Kf7 58. Qc3 {[%emt 0:00:15] Inhibits Qf3.} Bb6 {[%emt 0:01:58] ( -> ...Qf1+)} 59. Qc1 {[%emt 0:00:43] Inhibits Qf1+.} Qg4+ 60. Kh2 h4 61. gxh4 Qxh4+ 62. Kg2 Qg4+ 63. Kh2 Qe2+ 64. Kh1 Qe3 65. Qf1 {[%emt 0:00:40] Inhibits Qh3+.} Qxa3 66. Kg2 Qxb4 67. Qd3 Qc5 68. Qd7+ Kf6 {[%emt 0:00:07] Weighted Error Value: White=0.72/Black=0.20 (precise)} 0-1

[Event "67th Mexican-ch Open 2022"]
[Site "Chihuahua"]
[Date "2022.04.16"]
[Round "6.3"]
[White "Quesada Perez, Luis Ernesto"]
[Black "Cordova, Emilio"]
[Result "1/2-1/2"]
[ECO "D17"]
[WhiteElo "2517"]
[BlackElo "2534"]
[Annotator "TA"]
[PlyCount "36"]
[EventDate "2022.04.12"]
[EventType "swiss"]
[EventCountry "MEX"]
[SourceTitle "playchess.com"]
[Source "ChessBase"]
[SourceQuality "1"]
[TimeControl "5400+30"]

1. d4 d5 2. c4 c6 3. Nc3 Nf6 4. Nf3 dxc4 5. a4 Bf5 6. Ne5 e6 7. f3 Bb4 8. e4 Bxe4 9. fxe4 Nxe4 10. Qf3 Qxd4 11. Qxf7+ Kd8 12. Bg5+ Nxg5 13. Qxg7 Bxc3+ 14. bxc3 Qxc3+ 15. Ke2 Qc2+ 16. Ke1 Qc3+ 17. Ke2 {[%emt 0:00:16] [#] White threatens Rd1+ and mate.} Qc2+ $146 {[%emt 0:00:06] D17: Slav Defence: 5 a4 Bf5: Lines with 6 Nh4 and 6 Ne5.} ({Much less strong is} 17... Qxa1 18. Nxc6+ (18. Qxh8+ Kc7 $11) 18... Nxc6 19. Qxa1 $16) ({Predecessor:} 17... Qb2+ 18. Ke3 Qxa1 19. Qxh8+ Kc7 20. Qg7+ Kc8 21. Qf8+ Kc7 22. Qe7+ Kc8 23. Qe8+ Kc7 24. Qe7+ {½-½ (26) Dietmayer Kraeutler,M (2276)-Diermair,A (2361) St Veit 2009}) 18. Ke1 {[%emt 0:00:10] Chess con chili.} Qc3+ {[%emt 0:00:06] An interesting draw.} 1/2-1/2